 Dungeon Crawl Stone Soup version 0.30-a0-359-gd0147acb1a (webtiles) character file.

Game seed: 15620949430851270519

413 MrRokkomies the Shooter (level 7, -11/61 HPs)
             Began as a Meteoran Hunter on Nov 12, 2022.
             Killed by an exploding water moccasin (39 damage)
             ... ignited by their inner flame
             ... on level 5 of the Dungeon.
             The game lasted 00:09:45 (2390 turns).

MrRokkomies the Shooter (Meteoran Hunter)           Turns: 2390, Time: 00:09:47

Health: -11/61     AC:  4    Str: 20    XL:     7   Next: 37%
Magic:  8/8        EV: 14    Int: 15    God:
Gold:   25         SH:  0    Dex: 19    Spells: 6/6 levels left

rFire   . . .      SeeInvis +    b - +0 short sword
rCold   + . .      Faith    .    (no shield)
rNeg    + . .      Spirit   .    s - +1 leather armour of Wobby {rC+ rN+ Int+5}
rPois   .          Reflect  .    (no helmet)
rElec   .          Harm     .    (no cloak)
rCorr   .          Rampage  .    (no gloves)
Will    .....                    (no boots)
Stlth   +.........               (no amulet)
HPRegen 0.30/turn                f - ring of see invisible
MPRegen 0.11/turn                i - +6 ring of strength

@: lethally poisoned (-11 -> -15), glowing
A: sense surroundings 1, otherworldly, glowing, explore regen
a: no special abilities


You were on level 5 of the Dungeon.
You visited 1 branch of the dungeon, and saw 5 of its levels.

You collected 235 gold pieces.
You spent 210 gold pieces at shops.

Inventory:

Hand Weapons
 a - a +1 shortbow
 b - a +0 short sword (weapon)
Armour
 c - a +0 leather armour
 m - a +0 ring mail
 s - the +1 leather armour of Wobby (worn) {rC+ rN+ Int+5}
   (You bought it in a shop on level 3 of the Dungeon)

   Int:       It affects your intelligence (+5).
   rC:        It protects you from cold.
   rN:        It protects you from negative energy.
Jewellery
 f - a ring of see invisible (left hand)
 i - a +6 ring of strength (right hand)
Wands
 q - a wand of polymorph (7)
Scrolls
 l - 2 scrolls of identify
Potions
 d - a potion of attraction
 e - a potion of flight
 j - a potion of ambrosia
 k - 3 potions of mutation
 n - a potion of resistance
 o - a potion of cancellation
 p - a potion of berserk rage {unknown}


   Skills:
 * Level 5.1 Fighting
 * Level 6.5 Ranged Weapons
 + Level 4.3 Dodging
 - Level 0.6 Stealth


You had 6 spell levels left.
You didn't know any spells.
Your spell library contained the following spells:

 Spells                   Type           Power      Damage    Failure   Level
 Anguish                  Hex/Necr       0%         N/A       97%         4
 Enfeeble                 Hex            0%         N/A       100%        7


Dungeon Overview and Level Annotations

Branches:
Dungeon (5/15) Zot: 535
 Temple: D:4-7

Altars:
Ashenzari
Elyvilon
Kikubaaqudgha
Nemelex Xobeh

Shops:
D:3 [


Innate Abilities, Weirdness & Mutations

You passively map a small area around you.
You are easily found by Zot.
You glow in the dark.
You regain HP and MP as you explore.


Message History

The water moccasin bites you.
The gnoll bouda zaps a wand.
You easily resist.
The now-empty wand crumbles to dust.
The water moccasin misses you.
Okay, then.
Unknown command.
Okay, then.
Unknown command.
Unknown command.
Really read the scroll of immolation?
As you read the scroll of immolation, it crumbles to dust.
The creatures around you are filled with an inner flame!
You feel very sick.
The water moccasin bites you but does no damage.
The gnoll bouda closely misses you.
Unknown command.
Unknown command.
You closely miss the water moccasin.
The water moccasin is lightly wounded.
You feel sick. The water moccasin closely misses you.
The gnoll bouda closely misses you.
The water moccasin bites you but does no damage.
Unknown command.
Unknown command.
You hit the water moccasin.
Flame seeps out of the water moccasin.
The water moccasin is moderately wounded.
You feel sick.
The water moccasin is engulfed in blazing flames.
Flame seeps out of the water moccasin.
The water moccasin bites you but does no damage.
The gnoll bouda mumbles some strange prayers to its god.
The gnoll bouda is healed somewhat.
Unknown command.
Unknown command.
You hit the gnoll bouda.
Flame seeps out of the gnoll bouda.
The gnoll bouda is heavily wounded.
You feel sick.
The gnoll is no longer moving quickly.
The water moccasin is engulfed in blazing flames.
The water moccasin explodes!
The fiery explosion engulfs you!!!
Ouch! That really hurt!
You die... ... ###....# Olg

#.>....############ *
,,gg
#..#...............
#)#..#............<.†
*
#..l#...############
* #.###O###.# #
#...gg# #.# #
#...###g# #.# # ##
#@# #.# # * , #○# #.#
# * , .g# #.# # ,
#... ... ,,, . * #..#
, , #..# #..# ,#..# *


You could see an ogre (inner flame), a gnoll bouda (inner flame), an iguana
(inner flame) and 3 gnolls.

Vanquished Creatures
  A water moccasin (D:5)
  A sky beast (D:4)
  A scorpion (D:5)
  A hound (D:4)
  Jessica (D:2)
  An orc wizard (D:3)
  A gnoll (D:5)
  5 adders
  An ufetubus (D:5)
  2 worms (D:2)
  A dart slug (D:4)
  6 orcs (D:3)
  8 ball pythons
  7 endoplasms
  A giant cockroach (D:2)
  5 goblins
  12 hobgoblins
  9 jackals
  4 kobolds
  3 quokkas
  2 bats
  6 frilled lizards
  6 rats
85 creatures vanquished.

Vanquished Creatures (others)
  An orc wizard (D:3)
1 creature vanquished.

Grand Total: 86 creatures vanquished

Notes
Turn   | Place    | Note
-------+----------+-------------------------------------------
     0 | D:1      | MrRokkomies the Meteoran Hunter began the quest for the
                  | Orb.
     0 | D:1      | Reached XP level 1. HP: 17/17 MP: 2/2
    76 | D:1      | Reached XP level 2. HP: 25/25 MP: 3/3
   296 | D:1      | Reached XP level 3. HP: 30/30 MP: 4/4
   484 | D:1      | Glimpsed the power of Zot.
   714 | D:2      | Reached XP level 4. HP: 38/38 MP: 5/5
   723 | D:2      | Reached skill level 5 in Ranged Weapons
   732 | D:2      | Noticed Jessica
   738 | D:2      | Killed Jessica
  1072 | D:2      | Glimpsed the power of Zot.
  1120 | D:3      | Reached XP level 5. HP: 45/45 MP: 6/6
  1247 | D:3      | Found Morchyahe's Antique Armour Emporium.
  1255 | D:3      | Reached XP level 6. HP: 52/52 MP: 7/7
  1317 | D:3      | Found a broken altar of Ashenzari.
  1317 | D:3      | Found an ancient bone altar of Kikubaaqudgha.
  1319 | D:3      | Found a white marble altar of Elyvilon.
  1748 | D:4      | Noticed a sky beast
  1752 | D:4      | Killed a sky beast
  1753 | D:4      | Reached skill level 6 in Ranged Weapons
  1753 | D:4      | Reached XP level 7. HP: 60/60 MP: 8/8
  2178 | D:5      | Entered Level 5 of the Dungeon
  2186 | D:5      | Reached skill level 5 in Fighting
  2222 | D:5      | Found a sparkling altar of Nemelex Xobeh.
  2311 | D:3      | Bought a citrine-encrusted leather armour for 210 gold
                  | pieces
  2311 | D:3      | Identified the +1 leather armour of Wobby {rC+ rN+ Int+5}
                  | (You bought it in a shop on level 3 of the Dungeon)
  2374 | D:5      | Noticed a water moccasin
  2390 | D:5      | Killed a water moccasin
  2390 | D:5      | Killed by an exploding water moccasin... ignited by their
                  | inner flame

Illustrated notes

Levels and vault maps discovered:
D:1:      mainiacjoe_arrival_reflecting_pool, layout_basic,
          shapermc_ecumenical_altar_pompeii, serial_forest,
          infiniplex_forest_lined_2, infiniplex_forest_clump_diagonal,
          infiniplex_forest_lined_room_2, infiniplex_forest_lined_room_2,
          infiniplex_forest_clump_curved, infiniplex_forest_clump_tiny,
          infiniplex_forest_join, hangedman_decor_opposing, roderic_lattice_a,
          minmay_misc_feat_room
D:2:      layout_basic, minmay_pentomino_x4, uniq_jessica
D:3:      layout_loops_ring, grunt_temple_overflow_open, serial_shops,
          nicolae_shop_advertising_works [nicolae_subvault_shop_adworks]
D:4:      layout_basic
D:5:      layout_basic, nemelex_altar_shiori, minmay_temple_entry_sparse_star,
          hex_intersection

Skill      XL: |  1  2  3  4  5  6  7 |
---------------+----------------------+-----
Fighting       | 3 4 5 |  5.1
Dodging        | 3 4 |  4.3
Ranged Weapons | 5 6 |  6.5
Stealth        | |  0.6

Action                   |  1- 3 |  4- 6 |  7- 9 || total
-------------------------+-------+-------+-------++-------
Melee: Short sword       |       |       |     6 ||     6
 Fire: Shortbow          |    67 |   121 |    52 ||   240
  Use: Scroll            |       |    14 |     1 ||    15
       Potion            |       |     1 |     2 ||     3
Armor: Leather armour    |     5 |     5 |     4 ||    14
       Ring mail         |       |    23 |    12 ||    35
Dodge: Dodged            |    10 |    42 |    31 ||    83

Table legend: (Time is in decaauts)
 A = Elapsed time spent in this place.
 B = Non-inter-level travel time spent in this place.
 C = Inter-level travel time spent in this place.
 D = Time resting spent in this place.
 E = Time spent auto-exploring this place.
 F = Levels seen in this place.
 G = Mean time per level.
                   A        B        C        D        E       F      G
               +--------+--------+--------+--------+--------+-----+--------+
         Total |   2463 |   2341 |    122 |      0 |   1793 |   5 |  492.6 |
       Dungeon |   2463 |   2341 |    122 |      0 |   1793 |   5 |  492.6 |
               +--------+--------+--------+--------+--------+-----+--------+

Top non-repeatable levels by time:
     D:4: 636 daAuts
     D:2: 589 daAuts
     D:3: 539 daAuts
     D:1: 518 daAuts
     D:5: 179 daAuts
